 Dungeon Crawl Stone Soup version 0.17-a0-1636-g3119f2b (webtiles) character file.

42 vonhedlund the Skirmisher (level 3, -2/27 HPs)
             Began as a High Elf Skald on Aug 6, 2015.
             Shot with a stone by a goblin (7 damage)
             ... on level 2 of the Dungeon.
             The game lasted 00:09:35 (1138 turns).

vonhedlund the Skirmisher (High Elf Skald)          Turns: 1138, Time: 00:09:35

Health: -2/27      AC:  3    Str: 12    XL:     3   Next: 35%
Magic:  7/7        EV: 11    Int: 15    God:
Gold:   37         SH:  0    Dex: 15    Spells: 1 memorised, 5 levels left

rFire  . . .     SeeInvis .     a - +0 short sword
rCold  . . .     Clarity  .     b - +0 leather armour
rNeg   . . .     SustAt   .     (no shield)
rPois  .         Gourm    .     (no helmet)
rElec  .         Spirit   .     (no cloak)
rCorr  .         Warding  .     (no gloves)
rMut   .         Stasis   .     (no boots)
MR     .....                    (no amulet)
Stlth  +.........               (no ring)
                                (no ring)

@: not resistant to hostile enchantments, very unstealthy
A: no striking features
a: no special abilities


You were on level 2 of the Dungeon.
You were not hungry.

You visited 1 branch of the dungeon, and saw 2 of its levels.

You collected 37 gold pieces.

Inventory:

Hand weapons
 a - a +0 short sword (weapon)
Missiles
 i - 26 stones (quivered)
 o - 19 bolts
Armour
 b - a +0 leather armour (worn)
Jewellery
 n - a +5 ring of strength {unknown}
Scrolls
 e - 2 scrolls of magic mapping {unknown}
 g - 2 scrolls of fog {unknown}
 j - 2 scrolls of blinking {unknown}
 m - 2 scrolls of identify {unknown}
Potions
 f - a potion of resistance {unknown}
Books
 c - a book of Battle

   Spells                             Type                      Level
   a - Infusion                       Charms                       1
   b - Shroud of Golubria             Charms/Translocation         2
   c - Song of Slaying                Charms                       2
   d - Spectral Weapon                Hexes/Charms                 3
   e - Regeneration                   Charms/Necromancy            3
Comestibles
 d - a bread ration
 h - a beef jerky
 k - 3 meat rations
 l - a slice of pizza
 p - a royal jelly


   Skills:
 + Level 3.8 Fighting
 - Level 2.4 Short Blades
 - Level 0.8 Armour
 - Level 1.1 Dodging
 - Level 2.4 Spellcasting
 - Level 3.6 Charms


You had 5 spell levels left.
You knew the following spells:

 Your Spells              Type           Power        Failure   Level  Hunger
a - Infusion              Chrm           ##....       8%          1    #......


Dungeon Overview and Level Annotations

Branches:
Dungeon (2/15)

Altars:


Message History

You throw a stone. The stone barely misses the goblin.
The goblin unwields an uncursed club.
The goblin wields a hunting sling.
The goblin shoots a stone.
The stone barely misses you.
Throwing (i - inventory):
i - 29 stones (quivered)
Press: ? - help, Shift-Dir - straight line, f/p - goblin
Aim: a goblin, wielding a hunting sling You throw a stone.
The stone closely misses the goblin.
The goblin shoots a stone.
The stone hits you.
* * * LOW HITPOINT WARNING * * *
Throwing (i - inventory):
i - 28 stones (quivered)
Press: ? - help, Shift-Dir - straight line, f/p - goblin
Aim: a goblin, wielding a hunting sling You throw a stone.
The stone closely misses the goblin.
Throwing (i - inventory):
i - 27 stones (quivered)
Press: ? - help, Shift-Dir - straight line, f/p - goblin
Aim: a goblin, wielding a hunting sling You throw a stone.
The stone hits the goblin.
The goblin is moderately wounded.
The goblin shoots a stone.
The stone hits you!
You die...

#.....# #g.....# #.....#
# # #.#..#.# # #.####.
###.#.#.(....#.#.#.# #.
....#.#..........#.# #.
#..................# ##
......#.##.###.###.#####
.............#.# #......
#.....?@..)#.#.###.#####
.................#.#####
#..##.#.####.#.#.#.#....
. #.#.# #.#.#.#.#.#.. #
#.# #.#.....#.#.# #.#
#.#.#.###.#.# #.#
#.#.#.###.#.# #.#
#.#..........
#.#.#.##.....


You could see a goblin.

Vanquished Creatures
  An adder (D:2)
  A giant gecko (D:1)
  5 bats
  A giant cockroach (D:1)
  4 goblins (D:1)
  5 hobgoblins (D:1)
  6 kobolds
  2 giant newts (D:1)
  2 jackals (D:1)
  3 rats
30 creatures vanquished.

Notes
Turn   | Place    | Note
--------------------------------------------------------------
     0 | D:1      | vonhedlund the High Elf Skald began the quest for the Orb.
     0 | D:1      | Reached XP level 1. HP: 14/14 MP: 4/4
    96 | D:1      | Reached XP level 2. HP: 4/20 MP: 6/6
   834 | D:1      | Reached XP level 3. HP: 26/26 MP: 7/7
  1138 | D:2      | Shot with a stone by a goblin

Vault maps used:
D:1:      dpeg_arrival_solitude, serial_bayou_ford_a, nrook_loot_triangle

Action                   || total
-------------------------++-------
Melee: Short sword       ||   109
Throw: Stone             ||     7
 Cast: Infusion          ||     3
  Eat: Chunk             ||     1
